 Dungeon Crawl Stone Soup version 0.31-a0-705-ga145531891 (webtiles) character file.

Game seed: 13013828136457858177

956 Xavori the Sneak (level 8, 0/54 HPs)
             Began as an Octopode Chaos Knight on Sept 9, 2023.
             Was a Plaything of Xom.
             Slain by an ice beast (11 damage)
             ... on level 5 of the Dungeon.
             The game lasted 00:05:04 (12745 turns).

Xavori the Sneak (Octopode Chaos Knight)           Turns: 12745, Time: 00:05:06

Health: 0/54       AC:  1    Str: 11      XL:     8   Next: 14%
Magic:  8/8        EV: 14    Int: 14      God:    Xom [*.....]
Gold:   298        SH:  0    Dex: 12 (14) Spells: 7/7 levels left

rFire   . . .        a - +0 short sword (chaos)
rCold   . . .        (no shield)
rNeg    . . .        (helmet currently unavailable)
rPois   .            (no amulet)
rElec   .            i - ring of see invisible
rCorr   .            (no ring)
SInv    +            (no ring)
Will    .....        (no ring)
Stlth   ++++         (no ring)
HPRegen 0.29/turn    (no ring)
MPRegen 0.11/turn    (no ring)
                     (no ring)

%: no passive effects
@: lethally poisoned (0 -> -1), beast-form
A: beast (slay +2), almost no armour, amphibious, 8 rings, camouflage 1,
gelatinous body 1, (nimble swimmer 1), tentacles, fangs 1, mutation resistance 1
a: Begin Untransformation, Renounce Religion


You were on level 5 of the Dungeon.
You worshipped Xom.
You were a special plaything of Xom.
You were a hulking beast.
You visited 1 branch of the dungeon, and saw 5 of its levels.

You collected 298 gold pieces.

Inventory:

Hand Weapons
 a - a +0 short sword of chaos (weapon)
Jewellery
 i - a ring of see invisible (left tentacle)
 q - a ring of magical power
Talismans
 f - a beast talisman (active)
Scrolls
 b - 2 scrolls of butterflies
 h - a scroll of teleportation {unknown}
 j - 2 scrolls of identify {unknown}
 k - a scroll of blinking {unknown}
 n - a scroll of enchant weapon {unknown}
 r - a scroll of immolation {unknown}
 t - a scroll of enchant armour {unknown}
Potions
 c - 2 potions of curing
 e - 2 potions of invisibility {unknown}
 g - a potion of mutation
 l - a potion of cancellation {unknown}
 o - a potion of attraction {unknown}
 p - a potion of berserk rage {unknown}
 s - a potion of heal wounds {unknown}


   Skills:
 + Level 4.2 Fighting
 + Level 5.3 Short Blades
 + Level 3.9 Dodging
 + Level 6.8 Stealth
 * Level 3.7 Shapeshifting


You had 7 spell levels left.
You didn't know any spells.
Your spell library contained the following spells:

 Spells                   Type           Power      Damage    Failure   Level
 Magic Dart               Conj           0%         1d3       28%         1
 Searing Ray              Conj           0%         2d4       41%         2
 Fulminant Prism          Conj/Hex       0%         3d5       96%         4


Dungeon Overview and Level Annotations

Branches:
Dungeon (5/15)
 Temple: D:4-7

Altars:
Makhleb


Innate Abilities, Weirdness & Mutations

You are a hulking beast.
Your limbs bulge with bestial killing power. (Slay +2)
You cannot wear most types of armour.
You are amphibious.
You can wear up to eight rings at the same time.
Your skin changes colour to match your surroundings (Stealth+).
Your rubbery body absorbs attacks. (AC +1, EV +1)
((You are camouflaged when in or above water. (Stealth+)))
You have tentacles for arms and can constrict up to eight enemies at once.
You have very sharp teeth.
You are somewhat resistant to further mutation.


Message History

The scorpion stings you.
You are poisoned.
The scorpion poisons you!
You hit the scorpion.
The scorpion is severely wounded.
You constrict the scorpion, but do no damage.
You feel sick. The scorpion misses you. The ice beast hits you.
The ice beast freezes you!
Unknown command.
You hit the scorpion but do no damage. You drain the scorpion.
You kill the scorpion!
You feel sick.
Unknown command.
You hit the ice beast. You squeeze the ice beast!
The ice beast is moderately wounded.
You feel sick. The ice beast hits you. The ice beast freezes you!
Unknown command.
You are too injured to fight recklessly!
Unknown command.
You are too injured to fight recklessly!
You hit the ice beast.
Your tentacle-slap misses the ice beast.
Your bite misses the ice beast.
The ice beast is heavily wounded.
You feel sick.
The ice beast hits you but does no damage.
You hit the ice beast.
You melt the ice beast.
The ice beast is severely wounded.
You feel sick. The ice beast closely misses you.
You hit the ice beast.
You melt the ice beast.
The ice beast is almost dead.
You feel sick.
You hit the ice beast. You bite the ice beast.
Your squeeze misses the ice beast.
The ice beast is almost dead.
You feel sick. The ice beast hits you.
* * * LOW HITPOINT WARNING * * *
The ice beast freezes you!
You die... "What!?
That's it?"

#. .... .... ##. .....)
#...##.. ...... #......
....... #...... .... ..
......##.. ...
#...#..###......
...#..†#............
.......h......##....
#......Y..###.....# ..
#.................# ..
#....>#...........## ##.
.....##............###..
........................
..#...P.................
#.#...P♣...........)....
#.P.♣..#........[.<(..


You could see an ice beast.

Vanquished Creatures
  Eustachio (D:4)
  A black bear (D:4)
  An ogre (D:4)
  A phantom (D:4)
  A scorpion (D:5)
  A quasit (D:4)
  A jelly (D:4)
  An orc priest (D:5)
  2 hounds
  An iguana (D:4)
  Jessica (D:2)
  An orc wizard (D:5)
  2 sleepcaps
  3 gnolls
  8 adders
  3 shadow imps (D:5)
  3 white imps (D:4)
  A worm (D:4)
  5 dart slugs
  6 orcs
  10 ball pythons
  5 endoplasms
  A giant cockroach (D:4)
  12 hobgoblins
  6 quokkas
  8 bats
  4 frilled lizards
  5 goblins
  8 kobolds
  7 rats
110 creatures vanquished.

Notes
Turn   | Place    | Note
-------+----------+-------------------------------------------
     0 | D:1      | Xavori the Octopode Chaos Knight began the quest for the
                  | Orb.
     0 | D:1      | Reached XP level 1. HP: 16/16 MP: 1/1
   115 | D:1      | Reached XP level 2. HP: 21/21 MP: 2/2
   259 | D:1      | XOM: silly message
   360 | D:1      | XOM: divination: magic mapping
   544 | D:1      | Reached skill level 1 in Stealth
   594 | D:1      | Found a faded altar of an unknown god.
   686 | D:1      | XOM: silly message
   731 | D:1      | Reached XP level 3. HP: 26/26 MP: 3/3
  1081 | D:1      | XOM: cloud trail
  1116 | D:1      | Reached XP level 4. HP: 14/31 MP: 4/4
  1255 | D:2      | XOM: butterfly on damage
  2247 | D:1      | XOM: divination: detect creatures
  2550 | D:1      | XOM: noise
  2586 | D:1      | XOM: god gift: ruby potion {god gift}
  3280 | D:1      | XOM: give mutations
  3280 | D:1      | Gained mutation: You have very sharp teeth. [Xom's grace]
  3280 | D:1      | Gained mutation: You are somewhat resistant to further
                  | mutation. [Xom's grace]
  3342 | D:1      | XOM: give mutations
  3342 | D:1      | Gained mutation: You are weak. (Str -2) [Xom's mischief]
  3342 | D:1      | Gained mutation: You are clumsy. (Dex -2) [Xom's mischief]
  3783 | D:1      | XOM: god gift: 60 gold pieces
  3828 | D:1      | XOM: give mutation
  3828 | D:1      | Lost mutation: You are clumsy. (Dex -2) [Xom's mischief]
  4497 | D:1      | XOM: noise
  5072 | D:1      | XOM is BORED!
  5072 | D:1      | XOM: silly message
  5318 | D:1      | XOM: silly message
  5333 | D:1      | XOM: noise
  5450 | D:1      | XOM: torment (17/31 hp)
  5526 | D:1      | XOM: draining
  6360 | D:1      | XOM: summons 1 hostile shadow creature
  6434 | D:1      | XOM is BORED!
  7303 | D:1      | XOM: give mutations
  7303 | D:1      | Gained mutation: You are strong-willed. (Will+) [Xom's
                  | mischief]
  7303 | D:1      | Lost mutation: You are weak. (Str -2) [Xom's mischief]
  7551 | D:1      | XOM: noise
  9502 | D:1      | XOM: cloud trail
  9634 | D:1      | XOM: silly message
  9676 | D:2      | Reached skill level 2 in Stealth
  9851 | D:2      | XOM: summons friendly white imp
  9893 | D:2      | XOM: silly message
  9909 | D:2      | Noticed Jessica
  9917 | D:2      | Killed Jessica
  9918 | D:2      | Reached skill level 3 in Stealth
  9918 | D:2      | Reached skill level 1 in Shapeshifting
  9918 | D:2      | Reached XP level 5. HP: 18/35 MP: 5/5
  9933 | D:2      | XOM: polymorph white imp -> cerulean imp
  9999 | D:2      | XOM: polymorph cerulean imp -> crimson imp
 10222 | D:3      | XOM: 2-stop teleportation journey
 10293 | D:3      | XOM: silly message
 10866 | D:3      | XOM: give mutations
 10866 | D:3      | Gained mutation: You are frail. (-10% HP) [Xom's mischief]
 10866 | D:3      | Gained mutation: You occasionally shout uncontrollably at
                  | your foes. [Xom's mischief]
 10885 | D:4      | Noticed a black bear
 10897 | D:4      | XOM: silly message
 10899 | D:4      | Killed a black bear
 10900 | D:4      | Reached skill level 4 in Stealth
 10900 | D:4      | Reached XP level 6. HP: 28/38 MP: 6/6
 11079 | D:4      | Noticed Eustachio
 11086 | D:4      | Lost mutation: You occasionally shout uncontrollably at
                  | your foes. [potion of mutation]
 11086 | D:4      | Lost mutation: You are strong-willed. (Will+) [potion of
                  | mutation]
 11086 | D:4      | Lost mutation: You are frail. (-10% HP) [potion of
                  | mutation]
 11088 | D:4      | XOM: noise
 11093 | D:4      | Killed Eustachio
 11094 | D:4      | Reached skill level 5 in Stealth
 11193 | D:4      | Reached XP level 7. HP: 47/47 MP: 7/7
 11308 | D:4      | XOM: noise
 11317 | D:4      | Reached skill level 5 in Short Blades
 11342 | D:4      | XOM: 3-stop teleportation journey
 11433 | D:4      | Found a burning altar of Makhleb.
 11436 | D:4      | Reached skill level 6 in Stealth
 11703 | D:5      | Entered Level 5 of the Dungeon
 11718 | D:4      | XOM: confusion
 11738 | D:4      | XOM: blink monster(s)
 12099 | D:4      | XOM: stat loss: -1 Dex (10/14)
 12561 | D:5      | Reached XP level 8. HP: 14/54 MP: 8/8
 12586 | D:4      | XOM: noise
 12730 | D:5      | XOM: silly message
 12745 | D:5      | Slain by an ice beast

Illustrated notes

Levels and vault maps discovered:
D:1:      psy_arrival_radial02, layout_loops_corners, basic_ecumenical_altar,
          hex_medium, reono_crystal_passage, minivault_26,
          minmay_misc_feat_cross
D:2:      layout_rooms, uniq_jessica
D:3:      layout_basic, serial_corexii_hall, corexii_hall_statues_l,
          corexii_hall_statues_l
D:4:      layout_rooms, amcnicky_altar_gilded, nzn_random_ring, uniq_eustachio
D:5:      layout_cave_pools, serial_demonic, serial_demonic_d, serial_demonic_d,
          serial_demonic_b, serial_demonic_f

Skill      XL: |  1  2  3  4  5  6  7 |
---------------+----------------------+-----
Stealth        | 1 3 4 5 6 |  6.8
Short Blades   | 4 5 |  5.3
Shapeshifting  | 1 2 3 |  3.7
Dodging        | 3 |  3.9
Fighting       | 4 |  4.2

Action                     |  1- 3 |  4- 6 |  7- 9 || total
---------------------------+-------+-------+-------++-------
  Melee: Short sword       |    57 |   106 |   107 ||   270
         Constrict         |    18 |    24 |    21 ||    63
         Tentacles         |     6 |    23 |    17 ||    46
         Punch             |     1 |     1 |     2 ||     4
         Bite              |       |    11 |    12 ||    23
    Use: Potion            |       |     2 |     3 ||     5
         Scroll            |       |       |     1 ||     1
   Stab: Sleeping          |     6 |    15 |     6 ||    27
         Distracted        |       |       |     1 ||     1
 Armour: Skin              |    28 |    31 |   210 ||   269
  Dodge: Dodged            |    40 |    59 |    68 ||   167
   Form: Beast             |     1 |       |       ||     1

Table legend: (Time is in decaauts)
 A = Elapsed time spent in this place.
 B = Non-inter-level travel time spent in this place.
 C = Inter-level travel time spent in this place.
 D = Time resting spent in this place.
 E = Time spent auto-exploring this place.
 F = Levels seen in this place.
 G = Mean time per level.
                   A        B        C        D        E       F      G
               +--------+--------+--------+--------+--------+-----+--------+
         Total |  12696 |  12501 |    195 |   9574 |   2213 |   5 | 2539.2 |
       Dungeon |  12696 |  12501 |    195 |   9574 |   2213 |   5 | 2539.2 |
               +--------+--------+--------+--------+--------+-----+--------+

Top non-repeatable levels by time:
     D:1: 9536 daAuts
     D:4: 1752 daAuts
     D:3: 814 daAuts
     D:2: 485 daAuts
     D:5: 107 daAuts
